AoeStats
← -Luxo-

Yucatan

503602778Analyzed
2v2 RM · 1mo ago on Sep 1, 2026· 63m 0s· 4 players
Game mode
Random Map
Map size
Medium (4 player)
Population
200
Speed
Normal
Resources
Standard
Victory
Conquest
Starting age
Dark Age
Ending age
Imperial Age
RankedLock teamsTeams togetherTeam positionsShared explorationLock speedFull tech treeHidden civsTurbo modeCheats
Victory
Defeat
🇩🇪 Celts · Germany
980
+14
🇩🇪 Portuguese · Germany
972
+14
🇬🇪 Franks · Georgia
935
-14
🇫🇷 Lithuanians · France
920
-13
hula
7:58 Loom
11:45 Feudal Age
12:08 Man-at-Arms
16:06 Bloodlines
24:03 Castle Age
24:56 Double-Bit Axe
25:28 Husbandry
26:44 Bow Saw
30:20 Elite Skirmisher
30:46 Long Swordsman
36:29 Gold Mining
36:30 Stone Mining
41:47 Imperial Age
42:16 Squires
42:17 Herbal Medicine
42:32 Thumb Ring
42:44 Two-Handed Swordsman
45:50 Devotion
48:12 Horse Collar
51:32 Chemistry
51:38 Champion
Ts1ba
10:46 Feudal Age
15:28 Castle Age
13:19 Double-Bit Axe
13:35 Stone Mining
16:15 Wheelbarrow
19:55 Wheelbarrow
23:26 Hand Cart
25:11 Bow Saw
24:55 Gold Mining
27:04 Gold Shaft Mining
28:24 Padded Archer Armor
28:14 Fletching
31:37 Imperial Age
29:36 #83
30:26 Loom
31:06 Town Watch
31:43 Leather Archer Armor
31:23 Bodkin Arrow
31:59 Town Patrol
32:33 Scale Mail Armor
32:43 Forging
32:54 Elite Throwing Axeman
33:27 Arrowslits
34:42 Chemistry
34:03 Ballistics
34:32 Chain Mail Armor
37:30 Iron Casting
37:26 Plate Mail Armor
40:17 Blast Furnace
40:08 Masonry
40:00 Murder Holes
40:20 Fortified Wall
Holzig
5:56 Loom
10:17 Feudal Age
17:05 Castle Age
14:55 Double-Bit Axe
14:51 Horse Collar
15:05 Stone Mining
18:39 Heavy Plow
18:52 Bow Saw
23:57 Circumnavigation
26:51 Wheelbarrow
28:31 Hand Cart
28:08 Town Watch
34:35 Imperial Age
37:01 Chemistry
37:02 Town Patrol
37:30 Conscription
42:24 Redemption
42:44 Elite Organ Gun
43:49 Scale Barding Armor
43:55 Forging
45:38 Chain Barding Armor
45:59 Bloodlines
45:50 Husbandry
45:12 Cavalier
46:10 Arquebus
45:49 Light Cavalry
49:02 Bombard Tower
49:19 Block Printing
51:52 Light Cavalry
56:19 Ballistics
55:53 Treadmill Crane
58:04 Murder Holes
63:27 Sanctity
-Luxo-
10:17 Loom
13:31 Feudal Age
15:14 Wheelbarrow
15:07 Double-Bit Axe
24:31 Castle Age
24:10 Horse Collar
24:26 Fletching
26:08 Bow Saw
26:01 Heavy Plow
27:37 Stronghold
28:40 Pikeman
32:28 Hand Cart
31:58 Town Watch
36:08 Bodkin Arrow
42:32 Imperial Age
41:33 Scale Mail Armor
42:33 Town Patrol
42:47 Forging
42:53 Sappers
43:46 Conscription
43:41 Elite Woad Raider
46:42 Furor Celtica
47:15 Capped Ram
48:04 Siege Ram
50:12 Hoardings
52:53 Scale Barding Armor
59:53 Gambesons
59:53 Arson
60:19 Stone Mining
60:20 Gold Mining
Connection lost

Rejoining the realm…

Still unreachable

The connection could not be restored.

Session expired

The server has moved on; the page needs a fresh start.